 Dungeon Crawl Stone Soup version 0.24.0-28-g17ded55e90 (webtiles) character file.

Game seed: 8661512094003568633, levelgen mode: deterministic

728 Nattfarinn the Conjurer (level 7, -3/59 HPs)
             Began as an Ogre Conjurer on Nov 12, 2019.
             Was an Initiate of Vehumet.
             Killed from afar by a gargoyle (17 damage)
             ... with a stone arrow
             ... on level 5 of the Dungeon.
             The game lasted 00:14:02 (5912 turns).

Nattfarinn the Conjurer (Ogre Conjurer)             Turns: 5912, Time: 00:14:04

Health: -3/59      AC: 10    Str: 13    XL:     7   Next: 72%
Magic:  1/14       EV: 10    Int: 18    God:    Vehumet [......]
Gold:   367        SH:  0    Dex: 14    Spells: 9/16 levels left

rFire    . . .     SeeInvis .   q - +0 mace (protect)
rCold    . . .     Gourm    .   (no shield)
rNeg     . . .     Faith    .   a - +0 robe
rPois    .         Spirit   .   (helmet restricted)
rElec    .         Reflect  .   (no cloak)
rCorr    .         Harm     .   (gloves unavailable)
MR       .....                  (boots unavailable)
Stlth    ++........             (no amulet)
HPRegen  0.19/turn              l - +5 ring of dexterity
MPRegen  0.14/turn              (no ring)

@: lethally poisoned (-3 -> -19), protection aura
A: large, unfitting armour, tough skin 1
a: Renounce Religion


You were on level 5 of the Dungeon.
You worshipped Vehumet.
Vehumet was noncommittal.
You were very hungry.

You visited 2 branches of the dungeon, and saw 8 of its levels.

You collected 367 gold pieces.

Inventory:

Hand Weapons
 f - a +0 mace
 h - a +1 dire flail of holy wrath
 q - a +0 mace of protection (weapon)
Armour
 a - a +0 robe (worn)
Jewellery
 l - a +5 ring of dexterity (left hand)
Scrolls
 d - a scroll of immolation
 k - 3 scrolls of remove curse
 p - a scroll of teleportation {unknown}
 t - a scroll of enchant weapon {unknown}
 w - a scroll of fog
Potions
 b - a potion of cancellation {unknown}
 e - a potion of curing
 i - 4 potions of heal wounds
 j - a potion of mutation {unknown}
 m - a potion of ambrosia {unknown}
 n - a potion of magic {unknown}
 o - a potion of degeneration {unknown}
 r - a potion of agility {unknown}
 s - 2 potions of might {unknown}
 u - a potion of flight {unknown}
 v - a potion of resistance {unknown}
Comestibles
 c - 6 rations


   Skills:
 - Level 1.7 Dodging
 - Level 1.4 Stealth
 - Level 5.1 Spellcasting
 - Level 6.6 Conjurations
 * Level 3.1 Hexes


You had 9 spell levels left.
You knew the following spells:

 Your Spells              Type           Power        Failure   Level  Hunger
a - Magic Dart            Conj           ####         1%          1    None
b - Searing Ray           Conj           ####..       1%          2    #......
c - Fulminant Prism       Conj/Hex       ###.......   17%         4    ####...

Your spell library contained the following spells:

 Spells                   Type           Power        Failure   Level  Hunger
 Confusing Touch          Hex            ###...       3%          1    None
 Dazzling Spray           Conj/Hex       ###...       5%          3    ##.....
 Iskenderun's Mystic Bla  Conj           ####....     9%          4    ####...
 Animate Skeleton         Necr           N/A          13%         1    None
 Apportation              Tloc           #.....       13%         1    None
 Summon Small Mammal      Summ           #...         13%         1    None
 Force Lance              Conj/Tloc      ###.....     32%         4    ####...


Dungeon Overview and Level Annotations

Branches:
Dungeon (7/15)             Temple (1/1) D:4

Altars:
Ashenzari
Cheibriados
Dithmenos
Elyvilon
Fedhas
Gozag
Hepliaklqana
Kikubaaqudgha
Makhleb
Okawaru
Qazlal
Ru
Sif Muna
Trog
Uskayaw
Vehumet
Wu Jian
Xom
Yredelemnul
Zin
The Shining One

Annotations:
D:4 1 runed translucent door, Crazy Yiuf


Innate Abilities, Weirdness & Mutations

You are too large for most types of armour.
You have tough skin. (AC +1)


Message History

The magic dart hits the gargoyle but does no damage.
The gargoyle is almost destroyed.
You hit the gargoyle but do no damage.
Your weapon exudes an aura of protection.
The gargoyle is almost destroyed.
The gargoyle hits you with a +1 flail of venom!
You are poisoned.
You barely miss the gargoyle.
The gargoyle is almost destroyed.
You feel very sick.
The gargoyle hurls a stone arrow at you.
The stone arrow hits you!!
* * * LOW HITPOINT WARNING * * *
You hit the gargoyle but do no damage.
The gargoyle is almost destroyed.
* * * LOW HITPOINT WARNING * * *
You feel very sick.
The gargoyle hurls a stone arrow at you.
The stone arrow hits you!
You die...

.................##.....
#########..........##.....
#......<...........##.....
#.#####.#..........##.....
#.#G.........##.....
#.#.#...............
#.#.#...............
#.#9#...........####
#.#@#...........#
#.#.#...........#
#.#...........#
#.#...).......#
#.#...........#
#.############# #.####
#....# #....#


You could see an eye of draining and a gargoyle.

Vanquished Creatures
  Edmund (D:4)
  A bullfrog (D:5)
  A howler monkey (D:4)
  A centaur zombie (D:5)
  A hound (D:5)
  2 crimson imps
  A centaur skeleton (D:6)
  2 bullfrog skeletons (D:5)
  Terence (D:2)
  3 worker ants
  A hound skeleton (D:4)
  7 adders
  3 oozes
  An adder zombie (D:5)
  An adder skeleton (D:4)
  3 worms
  A dart slug (D:1)
  3 leopard geckos
  8 orcs
  3 bats
  5 giant cockroaches
  4 goblins
  6 hobgoblins
  17 jackals
  6 kobolds
  2 quokkas (D:2)
  12 frilled lizards
  A jackal skeleton (D:4)
  A leopard gecko skeleton (D:3)
  7 rats
106 creatures vanquished.

Vanquished Creatures (others)
  5 fulminant prisms (D:5)
5 creatures vanquished.

Grand Total: 111 creatures vanquished

Notes
Turn   | Place    | Note
-------+----------+-------------------------------------------
     0 | D:1      | Nattfarinn the Ogre Conjurer began the quest for the Orb.
     0 | D:1      | Reached XP level 1. HP: 16/16 MP: 3/3
   140 | D:1      | Reached XP level 2. HP: 19/24 MP: 0/5
   183 | D:1      | Reached skill level 4 in Conjurations
   261 | D:1      | Found an opulent altar of Gozag.
   272 | D:1      | Found a hide-covered altar of Uskayaw.
   272 | D:1      | Found a shimmering altar of Xom.
   274 | D:1      | Found a shattered altar of Ashenzari.
   274 | D:1      | Found an ancient bone altar of Kikubaaqudgha.
   274 | D:1      | Found a white marble altar of Elyvilon.
   588 | D:1      | Reached XP level 3. HP: 31/31 MP: 5/7
   865 | D:2      | Found a basalt altar of Yredelemnul.
  1025 | D:2      | Reached XP level 4. HP: 39/39 MP: 4/8
  1203 | D:2      | Noticed Terence
  1219 | D:2      | Learned a level 2 spell: Searing Ray
  1244 | D:2      | Killed Terence
  1980 | D:3      | Reached skill level 5 in Conjurations
  1984 | D:3      | Reached XP level 5. HP: 44/45 MP: 2/10
  2793 | D:3      | Found a faded altar of an unknown god.
  3120 | D:4      | Found a staircase to the Ecumenical Temple.
  3136 | D:4      | Reached XP level 6. HP: 53/53 MP: 1/12
  3139 | D:4      | Noticed Edmund
  3140 | Temple   | Entered the Ecumenical Temple
  3321 | D:4      | Killed Edmund
  3321 | D:4      | Reached skill level 6 in Conjurations
  4074 | D:4      | You fall into a shaft and drop 3 floors!
  4267 | D:6      | Reached XP level 7. HP: 59/59 MP: 5/14
  4349 | D:6      | Reached skill level 5 in Spellcasting
  4400 | D:5      | Entered Level 5 of the Dungeon
  4494 | D:5      | Found a radiant altar of Vehumet.
  4494 | D:5      | Found a shadowy altar of Dithmenos.
  4495 | D:5      | Found a hazy altar of Hepliaklqana.
  4498 | D:5      | Became a worshipper of Vehumet
  4551 | D:4      | Found a runed translucent door.
  4552 | D:4      | Noticed Crazy Yiuf
  4562 | D:4      | Learned a level 4 spell: Fulminant Prism
  4601 | D:5      | Noticed a gargoyle
  4937 | D:5      | Reached skill level 1 in Hexes
  5050 | D:5      | Found an opulent altar of Gozag.
  5912 | D:5      | Killed from afar by a gargoyle

Levels and vault maps discovered:
D:1:      psy_arrival_fountain, layout_basic, doesnt_xom_only_xom
D:2:      kennysheep_six_static_rooms, layout_basic, old_standard_altar,
          first_ration, lemuel_old_faithful, uniq_terence
D:3:      layout_basic, chequers_ecumenical_altar_island, minmay_lizard_king
D:4:      layout_loops_cross, minmay_temple_entry_large_hall,
          uniq_crazy_yiuf_cottage, uniq_edmund
D:5:      layout_basic, nicolae_overflow_quartered_altars
D:6:      layout_loops_ring, solitary_fountain, uniq_pikel
D:7:      layout_gridville, kennysheep_generic_room_10
Temple:   eino_temple_scatter_basement

Skill      XL: |  1  2  3  4  5  6  7 |
---------------+----------------------+-----
Conjurations   | 4 5 6 |  6.6
Spellcasting   | 3 4 5 |  5.1
Hexes          | 3 |  3.1
Dodging        | |  1.7
Stealth        | |  1.4

Action                   |  1- 3 |  4- 6 |  7- 9 || total
-------------------------+-------+-------+-------++-------
Melee: Unarmed           |    12 |       |       ||    12
       Mace              |    56 |    86 |     8 ||   150
       Dire flail        |       |    11 |       ||    11
 Cast: Magic Dart        |    24 |   117 |    88 ||   229
       Searing Ray       |       |     5 |       ||     5
       Fulminant Prism   |       |       |     5 ||     5
  Use: Potion            |       |     1 |     1 ||     2
       Scroll            |       |       |     5 ||     5
 Stab: Sleeping          |     1 |     3 |       ||     4
  Eat: Chunk             |     1 |    10 |     1 ||    12
       Ration            |       |       |     1 ||     1
Armor: Robe              |    18 |    58 |     9 ||    85
Dodge: Dodged            |    47 |    79 |    34 ||   160
